 Dungeon Sprint DCSS version 0.28.0-53-g5a82cb258f (webtiles) character file.

Game seed: 18163494894098233240

6287 Zeld the Executioner (level 10, -28/160 HPs)
             Began as a Minotaur Berserker on June 16, 2022.
             Was the Champion of Trog.
             Annihilated by a spriggan berserker
             ... wielding a +1 antimagic war axe
              (38 damage)
             ... in the Dungeon (Sprint IV: "Fedhas' Mad Dash").
             The game lasted 00:03:46 (4401 turns).

Zeld the Executioner (Minotaur Berserker)           Turns: 4401, Time: 00:03:47

Health: -28/160    AC:  2    Str: 26    XL:     10   Next: 63%
Magic:  0/9        EV: 17    Int:  4    God:    Trog [******]
Gold:   142        SH:  0    Dex: 10    Spells: 9/9 levels left

rFire   . . .      SeeInvis .   a - +1 executioner's axe (vorpal)
rCold   . . .      Faith    .   (shield currently unavailable)
rNeg    . . .      Spirit   .   b - +0 animal skin
rPois   .          Reflect  .   (helmet restricted)
rElec   .          Harm     .   (no cloak)
rCorr   .          Rampage  .   (no gloves)
Will    .....      NoTele   +   (no boots)
Stlth   ..........              j - amulet of invisibility {+Inv}
HPRegen 0.36/turn               (no ring)
MPRegen 0.11/turn               (no ring)

@: berserking, very quick
A: horns 2, retaliatory headbutt
a: Renounce Religion, Evoke Invisibility, Berserk, Trog's Hand, Brothers in Arms


You were in the Dungeon.
You worshipped Trog.
Trog was exalted by your worship.
You visited 1 branch You collected 226 gold pieces.
You spent 84 gold pieces at shops.

Inventory:

Hand Weapons
 a - a +1 vorpal executioner's axe (weapon)
 o - a +5 battleaxe of flaming
Armour
 b - a +0 animal skin (worn)
 m - the +1 robe of a sewer {Harm SInv}
   (You found it in the Dungeon)

   SInv:      It lets you see invisible.
   Harm:      It increases damage dealt and taken.
Jewellery
 j - the amulet of invisibility (around neck) {+Inv}
   (You found it in the Dungeon)

   [amulet of nothing]

   +Inv:      It lets you turn invisible.
Scrolls
 h - a scroll of blinking
 i - a scroll of identify {unknown}
 l - a scroll of magic mapping {unknown}
 n - a scroll of enchant armour {unknown}
Potions
 c - 2 potions of curing
 d - a potion of heal wounds
 e - a potion of haste
 f - 2 potions of magic
 g - a potion of berserk rage
 k - a potion of flight


   Skills:
 + Level 15.6 Fighting
 * Level 21.2 Axes
 - Level 2.4 Armour
 + Level 14.2 Dodging


You had 9 spell levels left.
You didn't know any spells.
Your spell library was empty.

Dungeon Overview and Level Annotations

Branches:
Dungeon (1/1)

Altars:
Cheibriados
Dithmenos
Elyvilon
Gozag
Hepliaklqana
Kikubaaqudgha
Makhleb
Nemelex Xobeh
Okawaru
Qazlal
Ru
Sif Muna
Trog
Uskayaw
Vehumet
Wu Jian
Xom
Yredelemnul
Zin
The Shining One
Beogh
Jiyva
Lugonu

Shops:
D [![([[:


Innate Abilities, Weirdness & Mutations

You have a pair of horns on your head.
You reflexively headbutt those who attack you in melee.


Message History

You miss the spriggan berserker. You headbutt the spriggan berserker.
The spriggan berserker is lightly wounded.
The spriggan berserker hits you with a +1 antimagic war axe!
Unknown command.
You barely miss the spriggan berserker.
The spriggan berserker is lightly wounded.
The spriggan berserker hits you with a +1 antimagic war axe!!
You completely miss the spriggan berserker.
You headbutt the spriggan berserker!
The spriggan berserker is lightly wounded.
The spriggan berserker hits you with a +1 antimagic war axe!
Unknown command.
You slice the spriggan berserker!!
Your headbutt misses the spriggan berserker.
The spriggan berserker is heavily wounded.
The spriggan berserker hits you with a +1 antimagic war axe!!
* * * LOW HITPOINT WARNING * * *
Unknown command.
Unknown command.
You slash the spriggan berserker!
The spriggan berserker is severely wounded.
The spriggan berserker hits you with a +1 antimagic war axe!
* * * LOW HITPOINT WARNING * * *
Unknown command.
You barely miss the spriggan berserker.
The spriggan berserker is severely wounded.
Unknown command.
Unknown command.
You barely miss the spriggan berserker.
The spriggan berserker is severely wounded.
The spriggan berserker hits you with a +1 antimagic war axe!
* * * LOW HITPOINT WARNING * * *
Unknown command.
Unknown command.
Unknown command.
You miss the spriggan berserker.
Your headbutt misses the spriggan berserker.
The spriggan berserker is severely wounded.
The spriggan berserker hits you with a +1 antimagic war axe!!!
You die...

#..._._._._...#..###'##..(##∩#..#
#.._._._._._..#..##∩∩.†...#####..
#._._._._._.⌠.#################..
###################...)..###.....
#♣♣♣♣♣..♣(###.'.['.....).'.'...♣.
......♣).♣##:.#).#....)..########
♣..♣♣♣.♣..###.##'##......#
.♣♣.(♣...♣'..)#♣.♣########
###############i@...#
#..♣..♣....# #...♣......♣..
......♣.....∩. ###############


You could see a spriggan berserker (berserk).

Vanquished Creatures
  Agnes (D)
  A spriggan druid (D)
  6 oklob plants (D)
  A demonic crawler (D)
  3 burning bushes (D)
  A queen bee (D)
  A hornet (D)
  3 wandering mushrooms (D)
  3 scorpions (D)
  4 killer bees (D)
  5 oklob saplings (D)
  5 spriggans (D)
  A river rat (D)
  A rat (D)
36 creatures vanquished.

Vanquished Creatures (others)
  A ballistomycete spore (D)
  2 fungi (D)
3 creatures vanquished.

Grand Total: 39 creatures vanquished

Notes
Turn   | Place    | Note
-------+----------+-------------------------------------------
     0 | D        | Zeld the Minotaur Berserker began the quest for the Orb.
     0 | D        | Reached XP level 1. HP: 19/19 MP: 0/0
     9 | D        | Reached skill level 5 in Axes
     9 | D        | Reached XP level 2. HP: 28/28 MP: 1/1
    55 | D        | Noticed an oklob sapling
    59 | D        | Killed an oklob sapling
    59 | D        | Reached ** piety under Trog
    60 | D        | Reached skill level 5 in Fighting
    60 | D        | Reached skill level 6 in Axes
    60 | D        | Reached XP level 3. HP: 36/36 MP: 2/2
   106 | D        | Noticed a scorpion
   106 | D        | Found the amulet of invisibility {+Inv}
   114 | D        | Killed a scorpion
   115 | D        | Reached skill level 8 in Axes
   115 | D        | Reached skill level 5 in Dodging
   115 | D        | Reached XP level 4. HP: 45/45 MP: 3/3
   401 | D        | Found an opulent altar of Gozag.
   401 | D        | Found a hazy altar of Hepliaklqana.
   401 | D        | Found a burning altar of Makhleb.
   401 | D        | Found a sparkling altar of Nemelex Xobeh.
   401 | D        | Found a snail-covered altar of Cheibriados.
   401 | D        | Found a sacrificial altar of Ru.
   401 | D        | Found a shimmering blue altar of Sif Muna.
   401 | D        | Found a shimmering altar of Xom.
   401 | D        | Found a basalt altar of Yredelemnul.
   402 | D        | Found a viscous altar of Jiyva.
   402 | D        | Found a bloodstained altar of Trog.
   402 | D        | Found an ornate altar of the Wu Jian Council.
   403 | D        | Found an iron altar of Okawaru.
   403 | D        | Found a shadowy altar of Dithmenos.
   403 | D        | Found a glowing silver altar of Zin.
   404 | D        | Found an ancient bone altar of Kikubaaqudgha.
   404 | D        | Found a hide-covered altar of Uskayaw.
   405 | D        | Found a stormy altar of Qazlal.
   405 | D        | Found a white marble altar of Elyvilon.
   405 | D        | Found a glowing golden altar of the Shining One.
   406 | D        | Found a corrupted altar of Lugonu.
   406 | D        | Found a radiant altar of Vehumet.
   413 | D        | Reached skill level 9 in Axes
   413 | D        | Reached XP level 5. HP: 10/52 MP: 2/4
   677 | D        | Reached *** piety under Trog
   678 | D        | Reached skill level 10 in Axes
   719 | D        | Reached skill level 11 in Axes
   719 | D        | Reached XP level 6. HP: 21/62 MP: 2/5
   747 | D        | Found Sokeonuic's Distillery.
   747 | D        | Found Peeg Fumuy's Armour Emporium.
   820 | D        | Bought a potion of flight for 42 gold pieces
   820 | D        | Bought a potion of curing for 42 gold pieces
   824 | D        | Noticed a burning bush
   824 | D        | Noticed a wandering mushroom
  1173 | D        | Noticed a wandering mushroom
  1178 | D        | Killed a wandering mushroom
  1179 | D        | Reached skill level 12 in Axes
  1270 | D        | Killed a wandering mushroom
  1270 | D        | Reached **** piety under Trog
  1271 | D        | Reached skill level 13 in Axes
  1271 | D        | Reached XP level 7. HP: 57/71 MP: 6/6
  1276 | D        | Reached skill level 10 in Fighting
  1284 | D        | Killed a burning bush
  1285 | D        | Reached skill level 14 in Axes
  1424 | D        | Found Ewekku's Armour Emporium.
  1424 | D        | Found Asel's Antique Weapon Shoppe.
  1469 | D        | Noticed a queen bee
  1477 | D        | Reached ***** piety under Trog
  1487 | D        | Killed a queen bee
  1488 | D        | Reached skill level 15 in Axes
  1488 | D        | Reached skill level 10 in Dodging
  1488 | D        | Reached XP level 8. HP: 82/82 MP: 4/7
  1650 | D        | Noticed an oklob plant
  1653 | D        | Identified the +1 robe of a sewer {Harm SInv}
  1664 | D        | Killed an oklob plant
  1665 | D        | Reached skill level 16 in Axes
  1902 | D        | Noticed a burning bush
  1909 | D        | Killed a burning bush
  1909 | D        | Received a gift from Trog
  2175 | D        | Noticed a burning bush
  2175 | D        | Noticed an oklob plant
  2176 | D        | Noticed a wandering mushroom
  2184 | D        | Killed a burning bush
  2185 | D        | Reached skill level 17 in Axes
  2185 | D        | Reached XP level 9. HP: 59/92 MP: 6/8
  2524 | D        | Killed a wandering mushroom
  2533 | D        | Killed an oklob plant
  2534 | D        | Reached skill level 18 in Axes
  2577 | D        | Noticed a spriggan druid
  2583 | D        | Killed a spriggan druid
  2903 | D        | Noticed an oklob plant conjurer
  2908 | D        | Killed an oklob plant conjurer
  2908 | D        | Received a gift from Trog
  2909 | D        | Reached skill level 19 in Axes
  3515 | D        | Noticed an oklob plant
  3515 | D        | Noticed an oklob plant summoner
  3516 | D        | Noticed an oklob plant shifter
  3522 | D        | Killed an oklob plant
  3524 | D        | Killed an oklob plant summoner
  3525 | D        | Reached XP level 10. HP: 104/104 MP: 7/9
  3528 | D        | Killed an oklob plant shifter
  3697 | D        | Noticed a spriggan rider
  3704 | D        | Reached skill level 20 in Axes
  3707 | D        | Reached ****** piety under Trog
  3708 | D        | Reached skill level 15 in Fighting
  3708 | D        | Received a gift from Trog
  3906 | D        | Found Rydid's Antique Armour Emporium.
  3974 | D        | Found Ziedy's Book Shoppe.
  4020 | D        | Noticed Agnes
  4035 | D        | Killed Agnes
  4036 | D        | Reached skill level 21 in Axes
  4040 | D        | HP: 2/107 [poisoned by Agnes]
  4389 | D        | Found Diqaer's Armour Emporium.
  4389 | D        | Noticed a spriggan berserker
  4401 | D        | Annihilated by a spriggan berserker

Illustrated notes

Levels and vault maps discovered:
D:        dungeon_sprint_fedhas [sprint_temple]

Skill      XL: |  1  2  3  4  5  6  7  8  9 10 |
---------------+-------------------------------+-----
Fighting       | 4 5 6 7 8 9 11 12 14 15 | 15.6
Axes           | 5 6 8 9 11 13 15 17 19 21 | 21.2
Dodging        | 3 4 5 6 7 8 10 11 13 14 | 14.2
Armour         | |  2.4

Action                   |  1- 3 |  4- 6 |  7- 9 | 10-12 || total
-------------------------+-------+-------+-------+-------++-------
Melee: Hand axe          |    10 |    27 |    63 |       ||   100
       Headbutt          |     1 |     8 |    16 |     5 ||    30
       Battleaxe         |       |       |     4 |    11 ||    15
       Executioner's axe |       |       |       |    22 ||    22
Invok: Berserk           |     3 |     2 |     5 |     3 ||    13
 Abil: Evoke Invisibilit |       |     5 |     7 |       ||    12
  Use: Potion            |       |       |       |     1 ||     1
 Stab: Invisible         |       |       |     3 |       ||     3
       Sleeping          |       |       |     1 |       ||     1
Armor: Animal skin       |     1 |       |       |       ||     1
Dodge: Dodged            |     5 |    21 |    14 |    23 ||    63
